 Dungeon Crawl Stone Soup version 0.22-a0-254-gaf95ca0 (webtiles) character file.

39 JeffiDaFish the Magician (level 3, -5/19 HPs)
             Began as a Deep Elf Ice Elementalist on Mar 4, 2018.
             Slain by an ice beast (6 damage)
             ... on level 2 of the Dungeon.
             The game lasted 00:02:22 (1039 turns).

JeffiDaFish the Magician (DEIE)                     Turns: 1039, Time: 00:02:23

Health: -5/19      AC:  3    Str:  5    XL:     3   Next: 26%
Magic:  6/10       EV: 13    Int: 20    God:
Gold:   117        SH:  0    Dex: 15    Spells: 7/10 levels left

rFire    x . .     SeeInvis .   f - -2 short sword (curse)
rCold    + . .     Gourm    .   (no shield)
rNeg     . . .     Faith    .   a - +1 robe
rPois    .         Spirit   .   (no helmet)
rElec    .         Reflect  .   (no cloak)
rCorr    .         Harm     .   (no gloves)
MR       .....                  (no boots)
Stlth    ++........             i - amulet of rage
HPRegen  0.06/turn              e - ring of ice
MPRegen  0.12/turn              (no ring)

@: no status effects
A: no striking features
a: Evoke Berserk Rage


You were on level 2 of the Dungeon.
You were not hungry.

You visited 1 branch of the dungeon, and saw 2 of its levels.

You collected 117 gold pieces.

Inventory:

Hand Weapons
 f - a cursed -2 short sword (weapon)
 g - a +0 dagger
 h - a +2 dagger of protection
Armour
 a - a +1 robe (worn)
Jewellery
 e - a ring of ice (left hand)
 i - an amulet of rage (around neck)
Potions
 b - 5 potions of curing
Comestibles
 c - 2 rations
 d - 3 chunks of flesh


   Skills:
 - Level 2.4 Dodging
 - Level 2.4 Stealth
 + Level 4.2 Spellcasting
 - Level 1.1 Conjurations
 + Level 4.1 Ice Magic


You had 7 spell levels left.
You knew the following spells:

 Your Spells              Type           Power        Failure   Level  Hunger
a - Freeze                Ice            ####         2%          1    None
b - Throw Frost           Conj/Ice       ###...       6%          2    #......


Dungeon Overview and Level Annotations

Branches:
Dungeon (2/15)

Altars:


Message History

Casting: Freeze (safe; 2% risk of failure)
Confirm with . or Enter, or press ? or * to list all spells.
Aiming: Freeze (safe; 2% risk of failure)
Press: ? - help, Shift-Dir - straight line, f/p - ice beast
Aim: an ice beast You feel a surge of power!
You freeze the ice beast.
The ice beast completely resists.
The ice beast hits you. The ice beast freezes you. You resist.
You hit the ice beast.
The ice beast is lightly wounded.
The ice beast hits you.
* * * LOW HITPOINT WARNING * * *
The ice beast freezes you. You resist.
* * * LOW HITPOINT WARNING * * *
You hit the ice beast but do no damage.
The ice beast is lightly wounded.
The ice beast hits you.
* * * LOW HITPOINT WARNING * * *
The ice beast freezes you. You resist.
You die...

.......รท##...## #####.#.##....#
#.#.....### #.(.....#
##########.#.#.# ##### ###
...............# #...# #.#
........##.#...#######...#####..
........##.#...##..............#
...........#...@Y..)..........##
........#####..##..............#
........#......#######...#####..
..............## #...# ###
#########.##### #...# #.# #...#
### ..... # .##.##. # #


You could see an ice beast.

Vanquished Creatures
  An adder (D:2)
  An ooze (D:2)
  A worm (D:2)
  A dart slug (D:1)
  A leopard gecko (D:2)
  3 goblins
  A hobgoblin (D:2)
  3 jackals (D:1)
  4 kobolds
  2 bats (D:2)
  2 rats
20 creatures vanquished.

Notes
Turn   | Place    | Note
-------+----------+-------------------------------------------
     0 | D:1      | JeffiDaFish the Deep Elf Ice Elementalist began the quest for the Orb.
     0 | D:1      | Reached XP level 1. HP: 10/10 MP: 6/6
   446 | D:1      | Reached XP level 2. HP: 15/15 MP: 5/8
   749 | D:1      | Learned a level 2 spell: Throw Frost
   799 | D:2      | Reached XP level 3. HP: 16/19 MP: 0/10
  1011 | D:2      | Noticed an ice beast
  1039 | D:2      | Slain by an ice beast

Vault maps used:
D:1:      scummos_arrival_hexagon
D:2:      roderic_serpentine_path, uniq_crazy_yiuf_cottage, uniq_sigmund,
          uniq_natasha

Skill      XL: |  1  2 |
---------------+-------+-----
Spellcasting   | 4 |  4.2
Ice Magic      | 4 |  4.1
Dodging        | |  2.4
Stealth        | |  2.4
Conjurations   | |  1.1

Action                   || total
-------------------------++-------
Melee: Short sword       ||    19
 Cast: Freeze            ||    20
       Throw Frost       ||    10
  Use: Scroll            ||     3
       Potion            ||     2
 Stab: Sleeping          ||     1
Armor: Robe              ||     3
Dodge: Dodged            ||    32

Table legend:
 A = Spawn XP
 B = Non-spawn XP
 C = Spawn XP percentage of total XP
 D = Spawn monster count
 E = Non-spawn monster count
 F = Spawn count percentage of total count
 G = Total turns spent on level
                    A         B        C        D         E        F      G
               +---------+---------+-------+---------+---------+-------+---------
         Total |       0 |      56 |   0.0 |       0 |      20 |   0.0 |  1039
               +---------+---------+-------+---------+---------+-------+---------
           D:1 |       0 |      17 |   0.0 |       0 |       9 |   0.0 |   772
           D:2 |       0 |      39 |   0.0 |       0 |      11 |   0.0 |   267
               +---------+---------+-------+---------+---------+-------+---------
